 Dungeon Crawl Stone Soup version 0.26-a0-651-gb41185065b (webtiles) character file.

Game seed: 1899558964400593503

1003 Irenicus the Cleaver (level 8, -1/68 HPs)
             Began as a Deep Dwarf Berserker on Oct 1, 2020.
             Was a Believer of Trog.
             Slain by an ogre
             ... wielding a +0 giant club
              (24 damage)
             ... on level 6 of the Dungeon.
             The game lasted 00:14:14 (2183 turns).

Irenicus the Cleaver (Deep Dwarf Berserker)         Turns: 2183, Time: 00:14:15

Health: -1/68      AC: 10    Str: 22    XL:     8   Next: 0%
Magic:  8/8        EV: 12    Int:  7    God:    Trog [**....]
Gold:   236        SH:  0    Dex: 26    Spells: 7/7 levels left

rFire    + . .     SeeInvis .   a - +0 hand axe
rCold    . . .     Faith    +   (no shield)
rNeg     . . .     Spirit   .   k - +4 ring mail of the Eagle {rF+ rCorr}
rPois    .         Reflect  .   (no helmet)
rElec    .         Harm     .   (no cloak)
rCorr    +         Rampage  .   q - +0 pair of gloves
MR       +++..                  (no boots)
Stlth    +.........             m - amulet of faith {Faith, !P}
HPRegen  1.00/turn              r - +6 ring of dexterity
MPRegen  0.11/turn              n - +6 ring of dexterity

@: berserk cooldown, non-regenerating, slowed, very slow
A: damage resistance, heal wounds, sense surroundings 1, no regeneration
a: Heal Wounds, Berserk, Trog's Hand, Renounce Religion


You were on level 6 of the Dungeon.
You worshipped Trog.
Trog was pleased with you.
You visited 2 branches of the dungeon, and saw 7 of its levels.

You collected 236 gold pieces.

Inventory:

Hand Weapons
 a - a +0 hand axe (weapon)
Armour
 k - the +4 ring mail of the Eagle (worn) {rF+ rCorr}
   (You found it on level 5 of the Dungeon)

   It protects you from fire.
   It provides partial protection from all sources of acid and corrosion.
 q - a +0 pair of gloves (worn)
   (You found it on level 5 of the Dungeon)
Jewellery
 h - an uncursed ring of fire {rF+, rC-}
   (You found it on level 2 of the Dungeon)
 i - an uncursed ring of stealth {Stlth+}
   (You found it on level 3 of the Dungeon)
 j - an uncursed ring of ice {rC+, rF-}
   (You found it on level 3 of the Dungeon)
 m - an amulet of faith (around neck) {Faith, !P}
   (You found it on level 4 of the Dungeon)
 n - a +6 ring of dexterity (right hand)
   (You found it on level 5 of the Dungeon)
 r - a +6 ring of dexterity (left hand)
   (You found it on level 5 of the Dungeon)
Scrolls
 c - 4 scrolls of identify
 d - a scroll of blinking {!r}
 f - a scroll of noise {unknown}
 l - 3 scrolls of teleportation
 p - a scroll of immolation {unknown}
Potions
 b - a potion of degeneration {unknown}
 g - 8 potions of curing
 o - a potion of stabbing {unknown}
 s - 2 potions of mutation {unknown}
Miscellaneous
 e - a tin of tremorstones (3/3)
   (You found it on level 4 of the Dungeon)


   Skills:
 - Level 2.6 Fighting
 + Level 10.5 Axes
 - Level 2.1 Armour
 - Level 2.1 Dodging


You had 7 spell levels left.
You didn't know any spells.
Your spell library was empty.

Dungeon Overview and Level Annotations

Branches:
Dungeon (6/15)             Temple (1/1) D:4

Altars:
Cheibriados
Elyvilon
Fedhas
Gozag
Kikubaaqudgha
Ru
Sif Muna
Trog
Uskayaw
Wu Jian
Xom
Yredelemnul


Innate Abilities, Weirdness & Mutations

You are resistant to damage.
You can heal yourself by infusing magical energy.
You passively map a small area around you.
You do not regenerate.


Message History

A red film seems to cover your vision as you go berserk!
You feel yourself moving faster!
You feel mighty! The worker ant bites you.
You now have 40/91 hp.
You slash the worker ant!
The worker ant is severely wounded.
You closely miss the shadow imp. The worker ant barely misses you.
The shadow imp barely misses you.
You slash the worker ant!
You kill the worker ant!
Trog accepts your kill.
You completely miss the shadow imp. You slash the shadow imp!
The shadow imp is severely wounded.
The shadow imp misses you.
You slash the shadow imp!
You kill the shadow imp!
Trog accepts your kill.
You feel a strong urge to attack something.
You feel your anger nearly subside.
You are no longer berserk.
You are exhausted.
You feel yourself slow down.
You now have 27/61 hp.
An orc comes into view. It is wielding a +0 dagger.
The orc shouts!
Something shouts, "Scamper away, thou puny muck-plodding wagtail!"
You hear a shout!
A shadow imp comes into view.
An orc comes into view.
The orc moves out of view.
An orc comes into view. It is wielding a +0 flail of venom.
The orc moves out of view.
Evoke which item? (* to show all) (? for menu, Esc to quit)
Okay, then.
Okay, then.
The orc hits you but does no damage.
You hit the orc.
The orc is heavily wounded.
The orc closely misses you.
You hit the shadow imp but do no damage.
You hit the orc.
You kill the orc!
Trog accepts your kill. The shadow imp barely misses you.
You hit the shadow imp.
The shadow imp is moderately wounded.
The shadow imp barely misses you.
You hit the shadow imp but do no damage.
The shadow imp is moderately wounded.
The shadow imp hits you but does no damage.
You slash the shadow imp!
You kill the shadow imp!
Trog accepts your kill.
You have reached level 8!
You feel stronger.
You regained 3 hp, and now have 30/68 hp.
MP restored: 8 An orc comes into view.
Things that are here:
a +0 dagger; an orc corpse The orc shouts!
An orc priest comes into view. It is wielding a +0 hand axe.
The orc priest shouts!
You closely miss the orc. The orc hits you.
An ogre comes into view. It is wielding a +0 giant club.
The ogre shouts!
You hit the orc.
The orc is heavily wounded.
The orc hits you but does no damage.
The orc priest miscasts a cantrip.
Your skin crawls.
You feel resistant to hostile enchantments.
The orc barely misses you.
You regained 2 hp, and now have 32/68 hp.
You're still recovering from your berserk rage.
The orc shouts!
You hit the orc.
The orc is severely wounded.
The orc priest mumbles some strange prayers to Beogh against you.
Beogh smites you!
* * * LOW HITPOINT WARNING * * *
You take 13 damage, and have 19/68 hp.
You slash the orc!
You kill the orc!
Trog accepts your kill.
You hit the orc. The orc hits you but does no damage.
You barely miss the orc.
The orc is heavily wounded.
The orc misses you. The ogre barely misses you.
You hit the ogre.
The ogre is lightly wounded.
You hit the orc priest. You hit the orc.
You kill the orc!
Trog accepts your kill.
You feel the effects of Trog's Hand fading.
The orc priest completely misses you.
You slash the ogre!
The ogre is heavily wounded.
You closely miss the orc priest.
The ogre hits you with a +0 giant club!!
You die...

###* #..## * ##...### .
##....#.# ##..> * #.......###
#.... #.......>.####....
#....*, #...........#..# ,
#....* ##....#..).....#*
#....##* ###†...##.@..)#
.##.....##
#######..###..Oo...............
##.##.....#
#..o.......#..#.....
#..##.#...###.........# #.....†
#...._................. , #...#
##...#.##.....#......#..
###.<.#
..[.......#.###.....###.
#...... .........#...........
.....###.# #...###..#..... *
......#..#


You could see an ogre, an orc priest and an orc.

Vanquished Creatures
  2 black bears
  An ice beast (D:6)
  2 centaurs
  An ogre (D:6)
  A water moccasin skeleton (D:4)
  A quasit (D:4)
  An orc priest (D:4)
  A jelly (D:4)
  A bullfrog skeleton (D:4)
  2 worker ants
  A hound zombie (D:4)
  A hound skeleton (D:4)
  A worker ant zombie (D:4)
  A howler monkey zombie (D:4)
  3 gnolls (D:4)
  8 adders
  2 shadow imps (D:6)
  2 white imps (D:5)
  2 worms
  A leopard gecko (D:1)
  8 orcs
  A ball python (D:3)
  5 goblins
  7 hobgoblins
  2 jackals (D:4)
  5 quokkas
  10 bats
  4 frilled lizards
  A giant cockroach zombie (D:4)
  3 kobolds
  2 leopard gecko skeletons (D:4)
  A leopard gecko zombie (D:4)
  A quokka skeleton (D:5)
  A quokka zombie (D:4)
  4 rats
90 creatures vanquished.

Vanquished Creatures (others)
  A plant (D:1)
  7 withered plants (D:4)
8 creatures vanquished.

Grand Total: 98 creatures vanquished

Notes
Turn   | Place    | Note
-------+----------+-------------------------------------------
     0 | D:1      | Irenicus the Deep Dwarf Berserker began the quest for the
                  | Orb.
     0 | D:1      | Reached XP level 1. HP: 20/20 MP: 1/1
    74 | D:1      | Reached XP level 2. HP: 20/27 MP: 2/2
    81 | D:1      | Reached skill level 4 in Axes
   317 | D:2      | Reached XP level 3. HP: 13/33 MP: 3/3
   423 | D:2      | Reached ** piety under Trog
   423 | D:2      | Reached skill level 5 in Axes
   609 | D:3      | Reached XP level 4. HP: 31/40 MP: 4/4
   925 | D:3      | Found a basalt altar of Yredelemnul.
  1035 | D:4      | Reached skill level 6 in Axes
  1042 | D:4      | Reached XP level 5. HP: 46/46 MP: 5/5
  1110 | D:4      | Reached skill level 7 in Axes
  1204 | D:4      | Found a large runed translucent door.
  1209 | D:4      | Found a large runed translucent door.
  1209 | D:4      | Noticed a centaur
  1214 | D:4      | Found a large runed translucent door.
  1218 | D:4      | Found a large runed translucent door.
  1255 | D:4      | Killed a centaur
  1255 | D:4      | Reached XP level 6. HP: 55/55 MP: 6/6
  1258 | D:4      | Reached skill level 8 in Axes
  1403 | D:4      | Reached XP level 7. HP: 32/61 MP: 7/7
  1447 | D:4      | HP: 13/61 [orc priest/divine providence (15)]
  1453 | D:4      | Reached skill level 9 in Axes
  1557 | D:4      | Found a staircase to the Ecumenical Temple.
  1656 | Temple   | Entered the Ecumenical Temple
  1676 | D:5      | Entered Level 5 of the Dungeon
  1730 | D:5      | Found a hide-covered altar of Uskayaw.
  1769 | D:5      | Found a white marble altar of Elyvilon.
  1773 | D:5      | Got a translucent ring mail
  1792 | D:5      | Identified the +4 ring mail of the Eagle {rF+ rCorr} (You
                  | found it on level 5 of the Dungeon)
  2023 | D:6      | Reached skill level 10 in Axes
  2102 | D:6      | Found a blossoming altar of Fedhas.
  2130 | D:6      | Found an opulent altar of Gozag.
  2171 | D:6      | Reached XP level 8. HP: 30/68 MP: 8/8
  2183 | D:6      | Slain by an ogre

Illustrated notes

Levels and vault maps discovered:
D:1:      psy_arrival_fountain, layout_basic, serial_bayou_pond_c,
          minmay_tetromino_s2
D:2:      layout_basic, minmay_bisected
D:3:      layout_basic, yredelemnul_altar_generic, minmay_distorted
D:4:      layout_loops_cross, minmay_temple_entry_water_ring, serial_undead,
          serial_undead_f, serial_undead_b, serial_undead_e, serial_undead_f,
          minmay_hollow_rounded_squares
D:5:      layout_rooms, lemuel_round_altar, basic_altar
D:6:      layout_cave_pools, lemuel_crystal_altar,
          gammafunk_temple_overflow_elements, lemuel_round_altar,
          serial_column_ruins, column_ruins_square_medium,
          column_ruins_open_large, column_ruins_columns_straight,
          column_ruins_open_medium, minmay_fractal_squares_diagonal_5
Temple:   nicolae_temple_x_marks_the_god

Skill      XL: |  1  2  3  4  5  6  7 |
---------------+----------------------+-----
Axes           | 4 5 6 7 8 10 | 10.5
Fighting       | |  2.6
Armour         | |  2.1
Dodging        | |  2.1

Action                   |  1- 3 |  4- 6 |  7- 9 || total
-------------------------+-------+-------+-------++-------
Melee: Hand axe          |    83 |   157 |    84 ||   324
Invok: Berserk           |     2 |     5 |     4 ||    11
       Trog's Hand       |     2 |     2 |     5 ||     9
  Use: Scroll            |     1 |     1 |     2 ||     4
       Potion            |     1 |       |       ||     1
 Stab: Sleeping          |       |     1 |       ||     1
Armor: Animal skin       |     9 |       |       ||     9
       Ring mail         |    20 |    52 |    24 ||    96
Dodge: Dodged            |    66 |   104 |    44 ||   214

Table legend: (Time is in decaauts)
 A = Elapsed time spent in this place.
 B = Non-inter-level travel time spent in this place.
 C = Inter-level travel time spent in this place.
 D = Time resting spent in this place.
 E = Time spent auto-exploring this place.
 F = Levels seen in this place.
 G = Mean time per level.
                   A        B        C        D        E       F      G
               +--------+--------+--------+--------+--------+-----+--------+
         Total |   2263 |   2249 |     14 |      0 |      0 |   7 |  323.3 |
       Dungeon |   2261 |   2247 |     14 |      0 |      0 |   6 |  376.8 |
        Temple |      1 |      1 |      0 |      0 |      0 |   1 |    1.0 |
               +--------+--------+--------+--------+--------+-----+--------+

Top non-repeatable levels by time:
     D:4: 716 daAuts
     D:2: 411 daAuts
     D:3: 321 daAuts
     D:1: 301 daAuts
     D:5: 269 daAuts
     D:6: 241 daAuts
  Temple: 1 daAuts

Table legend:
 A = Kills in this place as a percentage of kills in entire the game.
 B = Kills by you in this place as a percentage of kills by you in the entire game.
 C = Kills by friends in this place as a percentage of kills by friends in the entire game.
 D = Other kills in this place as a percentage of other kills in the entire game.
 E = Experience gained in this place as a percentage of experience gained in the entire game.
 F = Experience gained in this place divided by the number of levels of this place that you have seen.
                   A       B       C       D       E      F
               +-------+-------+-------+-------+-------+----------------------
         Total | 100.0 | 100.0 |   N/A |   N/A | 100.0 | 204.7
       Dungeon | 100.0 | 100.0 |   N/A |   N/A | 100.0 | 238.8
               +-------+-------+-------+-------+-------+----------------------
